 Dungeon Sprint DCSS version 0.16-a0-2921-g3a24241 (webtiles) character file.

382 Kemay the Covert (level 6, -5/30 HPs)
             Began as a Vine Stalker Assassin on Dec 2, 2014.
             Was an Initiate of Dithmenos.
             Slain by a yak (15 damage)
             ... in the Dungeon (Sprint I: "Red Sonja").
             The game lasted 00:02:50 (151 turns).

Kemay the Covert (Vine Stalker Assassin)             Turns: 151, Time: 00:02:50

Health: -5/30      AC:  3    Str: 13    XL:     6   Next: 76%
Magic:  0/8        EV: 17    Int: 11    God:    Dithmenos [......]
Gold:   421        SH:  0    Dex: 18    Spells: 0 memorised, 5 levels left

rFire  . . .     SeeInvis .     b - +0 blowgun
rCold  . . .     Clarity  .     c - +0 robe
rNeg   . . .     SustAb   .     (no shield)
rPois  .         Gourm    .     (no helmet)
rElec  .         Spirit   +     d - +0 cloak
rCorr  .         Warding  .     (no gloves)
rMut   .         NoTele   +     (no boots)
MR     .....                    (no amulet)
Stlth  +++++.....               (no ring)
                                (no ring)

@: not resistant to hostile enchantments, quite stealthy
A: fangs 2, regeneration 2, magic shield, antimagic bite, no device heal 3, rot
immunity
a: Renounce Religion


You were in the Dungeon.
You worshipped Dithmenos.
Dithmenos was noncommittal.
You were not hungry.

You visited 1 branch You collected 421 gold pieces.

Inventory:

Hand weapons
 a - a +2 dagger
 b - a +0 blowgun (weapon)
Missiles
 e - 7 poisoned needles (quivered)
 f - 2 curare-tipped needles
Armour
 c - a +0 robe (worn)
 d - a +0 cloak (worn)
Scrolls
 m - a scroll of blinking
 o - a scroll of amnesia {unknown}
Potions
 h - a potion of curing
 j - a potion of haste
 k - 2 potions of magic
 l - a potion of berserk rage
 n - a potion of mutation {unknown}
Comestibles
 g - a bread ration
 i - 9 chunks of flesh


   Skills:
 - Level 1.7 Fighting
 - Level 5.6 Short Blades
 - Level 1.7 Throwing
 - Level 7.0 Dodging
 + Level 12.8 Stealth


You had 5 spell levels left.
You didn't know any spells.

Dungeon Overview and Level Annotations

Branches:
Dungeon (1/1)

Altars:
Cheibriados
Dithmenos
Elyvilon
Fedhas
Gozag
Kikubaaqudgha
Makhleb
Nemelex Xobeh
Okawaru
Qazlal
Ru
Sif Muna
Vehumet
Xom
Yredelemnul
Zin
The Shining One
Jiyva

Shops:
D (


Innate Abilities, Weirdness & Mutations

You have extremely sharp teeth.
You heal very quickly.
When hurt, damage is shared between your health and your magic reserves.
Your bite disrupts and absorbs the magic of your enemies.
Potions and wands cannot restore your health.
You are immune to rotting.


Message History

Found an iron altar of Okawaru.
There is an open door here.
You hit the yak but do no damage. You bite the yak, but do no damage.
You hit the yak. You bite the yak, but do no damage.
The yak is lightly wounded.
The yak closely misses you.
You barely miss the yak.
The yak is lightly wounded.
The yak gores you!
Wield which item (- for none, * to show all)? (? for menu, Esc to quit)
b - a +0 blowgun (weapon)
Firing (i - inventory. (,) - cycle):
e - 8 poisoned needles (quivered)
Press: ? - help, Shift-Dir - straight line, f - yak
Aim: a yak (lightly wounded)
You shoot a poisoned needle. The poisoned needle hits the yak!
The yak is poisoned.
The yak is lightly wounded.
The yak gores you!
Ouch! That really hurt!
You die...

######################
#<.#.)'..#.)'..#__#..+
#..'..#..'..#..'..'..#
#..#####)#####'#__####
#..# #..#...#.####
#..#__####..##.#
#..#_..__##'#..+
#⌠⌠#_.∩..Y@..._#
####_..._##_.#'# #____
##+#.# #### ###


You could see a yak.

Vanquished Creatures
  A slime creature (D)
  An ogre (D)
  Sigmund (D)
  A jelly (D)
  Ijyb (D)
5 creatures vanquished.

Notes
Turn   | Place    | Note
--------------------------------------------------------------
     0 | D        | Kemay, the Vine Stalker Assassin, began the quest for the Orb.
     0 | D        | Reached XP level 1. HP: 11/11 MP: 1/1
     1 | D        | Noticed Ijyb
     8 | D        | Killed Ijyb
     8 | D        | Reached skill level 8 in Stealth
     8 | D        | Reached XP level 2. HP: 15/15 MP: 3/3
    11 | D        | Noticed an ogre
    36 | D        | Killed an ogre
    36 | D        | Reached skill level 12 in Stealth
    36 | D        | Reached XP level 3. HP: 18/18 MP: 4/4
    36 | D        | Reached XP level 4. HP: 23/23 MP: 5/5
    64 | D        | Noticed Sigmund
    67 | D        | Killed Sigmund
    67 | D        | Reached XP level 5. HP: 26/26 MP: 7/7
    81 | D        | Found a snail-covered altar of Cheibriados.
    81 | D        | Found a viscous altar of Jiyva.
    81 | D        | Found a shadowy altar of Dithmenos.
    81 | D        | Found a blossoming altar of Fedhas.
    81 | D        | Noticed a slime creature
    84 | D        | Killed a slime creature
    84 | D        | Reached skill level 5 in Short Blades
    84 | D        | Gained mutation: You heal very quickly. [vine stalker growth]
    84 | D        | Reached XP level 6. HP: 30/30 MP: 8/8
    86 | D        | Became a worshipper of Dithmenos the Shadowed
   104 | D        | Found a deep blue altar of Sif Muna.
   104 | D        | Noticed a jelly
   106 | D        | Found a radiant altar of Vehumet.
   110 | D        | Killed a jelly
   145 | D        | Found Hop Yno's Antique Weapon Emporium.
   145 | D        | Found a white marble altar of Elyvilon.
   145 | D        | Found a stormy altar of Qazlal.
   145 | D        | Found a burning altar of Makhleb.
   145 | D        | Found a sacrificial altar of Ru.
   145 | D        | Found a basalt altar of Yredelemnul.
   145 | D        | Found a glowing golden altar of the Shining One.
   145 | D        | Found a sparkling altar of Nemelex Xobeh.
   145 | D        | Found a shimmering altar of Xom.
   145 | D        | Found an opulent altar of Gozag.
   145 | D        | Found an ancient bone altar of Kikubaaqudgha.
   145 | D        | Found a glowing silver altar of Zin.
   145 | D        | Noticed a yak
   146 | D        | Found an iron altar of Okawaru.
   151 | D        | Slain by a yak

Action                   |  1- 3 |  4- 6 || total
-------------------------+-------+-------++-------
Melee: Dagger            |     6 |     6 ||    12
       Blowgun           |     1 |       ||     1
 Fire: Blowgun           |     2 |     1 ||     3
 Stab: Sleeping          |     1 |     3 ||     4
